 Dungeon Crawl Stone Soup version 0.31-a0-986-g5e6e4ef867 (webtiles) character file.

Game seed: 2403545821099859448

2352 Lobster4 the Digger (level 9, -12/74 HPs)
             Began as a Ghoul Earth Elementalist on Nov 21, 2023.
             Mangled by an orc warrior
             ... wielding a +0 war axe
              (15 damage)
             ... in a bailey.
             The game lasted 00:24:35 (7941 turns).

Lobster4 the Digger (Ghoul Earth Elementalist)      Turns: 7941, Time: 00:24:35

Health: -12/74     AC:  6    Str: 12      XL:     9   Next: 43%
Magic:  14/14      EV: 12    Int: 13 (14) God:
Gold:   297        SH:  0    Dex:  8 (9)  Spells: 10/16 levels left

rFire   + . .        s - +1 dagger (venom)
rCold   + . .        (no shield)
rNeg    + + +        r - +2 robe
rPois   ∞            (no helmet)
rElec   .            B - +0 cloak
rCorr   .            (no gloves)
SInv    .            w - +0 pair of boots
Will    +....        (no amulet)
Stlth   ++           e - ring of willpower
HPRegen 0.00/turn    y - ring of protection from fire
MPRegen 0.14/turn

%: no passive effects
@: inhibited regen
A: claws 1, cold resistance 1, negative energy resistance 3, inhibited
regeneration, torment resistance 2, devour on kill
a: no special abilities


You were in a bailey.
You visited 1 branch of the dungeon, and saw 7 of its levels.
You also visited: Bailey.

You collected 297 gold pieces.

Inventory:

Hand Weapons
 f - a +0 short sword
 k - a +0 sling
 m - a +1 short sword of speed
 s - a +1 dagger of venom (weapon)
 K - a +0 shortbow
Missiles
 d - 28 stones
 n - 20 poisoned darts (quivered)
 o - 15 boomerangs
Armour
 a - a +0 robe
 p - a +0 ring mail
 r - a +2 robe (worn)
 w - a +0 pair of boots (worn)
 B - a +0 cloak (worn)
Jewellery
 c - a +4 ring of protection
 e - a ring of willpower (left claw)
 y - a ring of protection from fire (right claw)
 J - a ring of protection from fire
Wands
 E - a wand of digging (3)
 I - a wand of flame (15)
Scrolls
 l - a scroll of fear {unknown}
 x - a scroll of enchant weapon {unknown}
 z - a scroll of revelation {unknown}
 A - 2 scrolls of silence {unknown}
 C - 2 scrolls of identify {unknown}
 F - a scroll of fog {unknown}
 G - 2 scrolls of poison {unknown}
 H - a scroll of vulnerability {unknown}
Potions
 b - a potion of magic
 g - a potion of mutation
 h - a potion of attraction {unknown}
 i - 3 potions of curing {unknown}
 j - a potion of heal wounds {unknown}
 t - a potion of might {unknown}
 v - 3 potions of lignification {unknown}
 D - a potion of haste {unknown}


   Skills:
 + Level 5.0 Fighting
 - Level 1.0 Short Blades
 + Level 2.4 Armour
 + Level 2.3 Dodging
 - Level 4.0 Stealth
 + Level 4.1 Spellcasting
 * Level 5.0 Conjurations
 - Level 1.0 Transmutations
 * Level 7.7 Earth Magic
 - Level 2.0 Evocations


You had 10 spell levels left.
You knew the following spells:

 Your Spells              Type           Power      Damage    Failure   Level
a - Sandblast             Erth           44%        2d11      1%          1
b - Passwall              Tmut/Erth      11%        N/A       4%          2
c - Stone Arrow           Conj/Erth      38%        3d9       4%          3

Your spell library contained the following spells:

 Spells                   Type           Power      Damage    Failure   Level
 Brom's Barrelling Bould  Conj/Erth      19%        2d4       14%         4
 Slow                     Hex            8%         N/A       21%         1
 Petrify                  Tmut/Erth      14%        N/A       32%         4
 Confusing Touch          Hex            2%         N/A       52%         3
 Sigil of Binding         Hex            2%         N/A       52%         3
 Tukima's Dance           Hex            2%         N/A       52%         3
 Vampiric Draining        Necr           2%         2d6       52%         3
 Iskenderun's Mystic Bla  Conj/Tloc      9%         2d4       58%         4
 Dimensional Bullseye     Hex/Tloc       1%         N/A       90%         4


Dungeon Overview and Level Annotations

Branches:
Dungeon (7/15)             Bailey (1/1)
 Temple: D:4-7

Altars:
Ru
Wu Jian

Shops:
D:4 :

Annotations:
D:3 exclusion: phantom
D:4 exclusion: water moccasin
D:7 3 runed translucent doors, bmack86's ghost, novice MiFi


Innate Abilities, Weirdness & Mutations

You are immune to poison.
You have sharp fingernails.
Your flesh is cold resistant. (rC+)
You are immune to negative energy. (rN+++)
You do not regenerate when monsters are visible.
You are immune to unholy pain and torment.
You thrive by killing the living.


Message History

The orc warrior is moderately wounded.
The orc warrior hits you with a +0 war axe.
You closely miss the orc warrior.
The orc warrior is moderately wounded.
The orc warrior jeers repeatedly.
The orc warrior hits you with a +0 war axe.
The orc warrior hits you with a +0 war axe!
You hit the orc warrior.
The orc warrior is moderately wounded.
The orc warrior closely misses you.
The orc warrior hits you with a +0 war axe!
You hit the orc warrior but do no damage.
The orc warrior is poisoned.
The orc warrior is moderately wounded.
The orc warrior hits you with a +0 war axe!
The orc warrior hits you with a +0 war axe.
Okay, then.
As you read the scroll of teleportation, it crumbles to dust.
You feel strangely unstable.
The orc warrior hits you with a +0 war axe!
The orc warrior closely misses you.
The orc warrior attacks as it pursues you!
The orc warrior barely misses you.
Your surroundings seem slightly different.
Splash!
You fall into the shallow water.
Moving in this stuff is going to be slow.
The orc warrior attacks as it pursues you!
The orc warrior hits you with a +0 war axe!
* * * LOW HITPOINT WARNING * * *
The orc warrior attacks as it pursues you!
The orc warrior hits you with a +0 war axe!
* * * LOW HITPOINT WARNING * * *
It was a potion of mutation.
You feel extremely strange.
Your body decomposes!
You feel dopey.
Your body decomposes!
You feel clumsy.
The orc warrior hits you with a +0 war axe!
You die...

#.).# #...# #.†.#
####...####
##~.......~##
###~~.......~~#### #
...~~.......~~....
#.###~~.......~~###.
#..@oo~.......~~....
#.###~~.......~~###.
#....~~.......~~....
#.###~~.......~~###.
...~~.......~~....
###~~.......~~###.
..~~.......~~....
###~~.......~~####
##~.......~##


You could see 2 orc warriors.

Vanquished Creatures
  A wyvern (D:7)
  A water moccasin (D:5)
  A black bear (D:6)
  An ogre (D:5)
  A centaur (D:6)
  3 kobold brigands (Bailey)
  2 bullfrogs
  9 scorpions
  2 jellies
  2 hounds (D:5)
  2 orc priests (D:5)
  A gnoll bouda (D:6)
  Jessica (D:2)
  2 sleepcaps
  9 iguanas
  4 orc wizards
  13 adders
  7 gnolls
  A shadow imp (D:4)
  A worm (D:2)
  A dart slug (D:4)
  16 orcs
  6 ball pythons
  5 endoplasms
  6 giant cockroaches
  8 goblins
  8 hobgoblins
  17 jackals
  20 kobolds
  4 quokkas
  8 bats
  5 frilled lizards
  8 rats
176 creatures vanquished.

Notes
Turn   | Place    | Note
-------+----------+-------------------------------------------
     0 | D:1      | Lobster4 the Ghoul Earth Elementalist began the quest for
                  | the Orb.
     0 | D:1      | Reached XP level 1. HP: 14/14 MP: 2/2
   128 | D:1      | Reached skill level 1 in Transmutations
   179 | D:1      | Reached XP level 2. HP: 22/22 MP: 0/3
   224 | D:1      | Learned a level 2 spell: Passwall
   643 | D:1      | Reached XP level 3. HP: 27/27 MP: 2/4
   699 | D:1      | Reached skill level 1 in Fighting
  1608 | D:2      | Reached skill level 1 in Armour
  1608 | D:2      | Reached XP level 4. HP: 35/35 MP: 2/6
  1653 | D:2      | Noticed Jessica
  1669 | D:2      | Killed Jessica
  1670 | D:2      | Reached skill level 1 in Conjurations
  1670 | D:2      | Reached skill level 4 in Earth Magic
  2367 | D:3      | Found a sacrificial altar of Ru.
  2474 | D:3      | Noticed a phantom
  2584 | D:3      | Reached XP level 5. HP: 38/41 MP: 1/7
  3064 | D:4      | Found an ornate altar of the Wu Jian Council.
  3174 | D:4      | Reached XP level 6. HP: 45/48 MP: 4/8
  3359 | D:4      | Reached skill level 1 in Short Blades
  3446 | D:4      | Identified the +10 hand axe "Othovap" {holy, rN+ Will+
                  | Str-2 Stlth+}
  3662 | D:4      | Found Kyorot's Book Emporium.
  3871 | D:4      | Noticed a water moccasin
  4012 | D:5      | Entered Level 5 of the Dungeon
  4166 | D:5      | Reached skill level 5 in Earth Magic
  4237 | D:5      | Reached XP level 7. HP: 56/56 MP: 6/9
  4282 | D:5      | Learned a level 3 spell: Stone Arrow
  5005 | D:5      | Reached XP level 8. HP: 49/63 MP: 5/11
  5187 | D:5      | Reached skill level 6 in Earth Magic
  6494 | D:6      | Reached skill level 1 in Evocations
  6673 | D:6      | Reached skill level 7 in Earth Magic
  6828 | D:6      | Reached XP level 9. HP: 59/72 MP: 9/13
  7616 | D:7      | Found a runed translucent gate.
  7616 | D:7      | Found a runed translucent gate.
  7617 | D:7      | Found a runed translucent gate.
  7618 | D:7      | Noticed bmack86's ghost (novice MiFi)
  7680 | D:7      | Found a flagged portal.
  7737 | Bailey   | Entered a bailey
  7778 | Bailey   | Reached skill level 5 in Conjurations
  7790 | Bailey   | Reached skill level 5 in Fighting
  7940 | Bailey   | HP: 3/74 [orc warrior/+0 war axe (10)]
  7941 | Bailey   | Mangled by an orc warrior

Illustrated notes

Levels and vault maps discovered:
D:1:      dpeg_arrival_three_same_balls, layout_loops_ring
D:2:      layout_loops_ring, uniq_jessica
D:3:      layout_rooms, nicolae_ru_great_annihilating_truth,
          chequers_serial_rivers_micro_e, serial_park_tiny_pond
D:4:      layout_loops_ring, mainiacjoe_overflow_concentric_impassable,
          serial_shops, shop, minmay_tree_intersection, grunt_ministairs_11,
          nicolae_half_adder
D:5:      layout_layer_cave, minivault_11, palyth_stone_intersect,
          chequers_serial_rivers_marsh
D:6:      old_forge, layout_basic, mainiacjoe_overflow_alcove_4
D:7:      layout_loops_ring, minmay_temple_entry_hall,
          gammafunk_ghost_nasty_kobolds, enter_bailey_7
Bailey:   bailey_axe_3, bailey

Skill      XL: |  1  2  3  4  5  6  7  8  9 |
---------------+----------------------------+-----
Transmutations | 1 |  1.0
Dodging        | 2 |  2.3
Fighting       | 1 2 3 4 5 |  5.0
Spellcasting   | 2 3 4 |  4.1
Armour         | 1 2 |  2.4
Conjurations   | 1 2 3 4 5 |  5.0
Earth Magic    | 4 5 7 |  7.7
Stealth        | 3 4 |  4.0
Short Blades   | 1 |  1.0
Evocations     | 1 2 |  2.0

Action                     |  1- 3 |  4- 6 |  7- 9 || total
---------------------------+-------+-------+-------++-------
  Melee: Unarmed           |     4 |       |       ||     4
         Short sword       |    65 |       |       ||    65
         Dagger            |       |    15 |   165 ||   180
         Punch             |       |       |     2 ||     2
  Throw: Stone             |     3 |     2 |       ||     5
         Dart              |       |       |     9 ||     9
   Cast: Sandblast         |    54 |    93 |   155 ||   302
  Evoke: Wand              |       |       |     2 ||     2
    Use: Scroll            |       |     1 |     3 ||     4
         Potion            |       |       |     1 ||     1
   Stab: Sleeping          |       |       |     4 ||     4
 Armour: Robe              |    37 |    38 |   232 ||   307
  Dodge: Dodged            |    75 |    45 |   221 ||   341

Table legend: (Time is in decaauts)
 A = Elapsed time spent in this place.
 B = Non-inter-level travel time spent in this place.
 C = Inter-level travel time spent in this place.
 D = Time resting spent in this place.
 E = Time spent auto-exploring this place.
 F = Levels seen in this place.
 G = Mean time per level.
                   A        B        C        D        E       F      G
               +--------+--------+--------+--------+--------+-----+--------+
         Total |   8087 |   7880 |    207 |   1571 |   4580 |   8 | 1010.9 |
       Dungeon |   7872 |   7665 |    207 |   1484 |   4554 |   7 | 1124.6 |
        Bailey |    215 |    215 |      0 |     87 |     26 |   1 |  215.0 |
               +--------+--------+--------+--------+--------+-----+--------+

Top non-repeatable levels by time:
     D:5: 2067 daAuts
     D:6: 1347 daAuts
     D:4: 1247 daAuts
     D:1: 1214 daAuts
     D:2: 970 daAuts
     D:3: 646 daAuts
     D:7: 378 daAuts
  Bailey: 215 daAuts
